[Event "Fast Chess"]
[Site "ChessKid.com"]
[Date "2020.04.30"]
[Round "3"]
[White "Dai, Lana"]
[Black "Li, Tobias"]
[Result "0-1"]
[ECO "C55"]
[WhiteElo "1301"]
[BlackElo "1305"]
[Annotator "Zischenzug, Fesselung"]
[PlyCount "38"]
[EventDate "2020.??.??"]
[TimeControl "1200"]
[WhiteClock "0:18:50"]
[BlackClock "0:17:58"]

1. e4 e5 2. Nf3 Nc6 3. Nc3 Nf6 4. Bc4 Bc5 5. h3 O-O 6. a3 a6 7. b4 Ba7 8. b5 axb5 9. Nxb5 Bc5 10. d3 h6 11. O-O d6 12. Nh4 $5 Nxe4 $6 13. dxe4 $2 Qxh4 14. Nxc7 Rb8 15. Qf3 Bd7 16. Qg3 Qxe4 17. Bxh6 Qh7 18. Qxg7+ Qxg7 19. Bxg7 Kxg7 {[%emt 0:00:01] OnlyHungryKiwi won by resignation} 0-1

[Event "Fast Chess"]
[Site "ChessKid.com"]
[Date "2020.05.01"]
[Round "1"]
[White "Dai, Lana"]
[Black "Georgiev, Maximilian"]
[Result "1-0"]
[ECO "C47"]
[WhiteElo "1312"]
[BlackElo "1391"]
[Annotator "Fesselung an Mattfeld"]
[PlyCount "85"]
[EventDate "2020.??.??"]
[TimeControl "600"]
[WhiteClock "0:07:29"]
[BlackClock "0:04:38"]

1. e4 e5 2. Nf3 Nc6 3. Nc3 Nf6 4. a3 h6 5. h3 Bc5 6. b4 Bb6 7. b5 Nd4 8. Nxd4 Bxd4 9. Bc4 O-O 10. Ra2 b6 11. Nd5 Nxd5 12. Bxd5 Rb8 13. O-O Bb7 14. Bxb7 Rxb7 15. c3 Bc5 16. d4 exd4 17. cxd4 Bd6 18. e5 Be7 19. d5 d6 20. exd6 Qxd6 21. a4 Rbb8 22. Ba3 Qd7 23. Bxe7 Qxe7 24. Re1 Qd8 25. Re4 Re8 26. Rxe8+ Qxe8 27. h4 Qd8 28. a5 bxa5 29. Rxa5 Qxh4 30. d6 cxd6 31. Qxd6 $4 Ra8 $4 32. b6 Re8 33. Ra1 axb6 34. Qxb6 Re6 35. Ra8+ Kh7 36. Qb1+ g6 37. Rf8 Kg7 38. Rd8 h5 39. Rc8 Rf6 40. Qb2 Kh7 41. g3 Qg5 42. Qc3 Re6 43.
Qh8# {[%emt 0:00:12] TopBrownCave won by checkmate} 1-0

[Event "Fast Chess"]
[Site "ChessKid.com"]
[Date "2020.05.01"]
[Round "1"]
[White "Li, Tobias"]
[Black "Sasse, Gabriel"]
[Result "1-0"]
[ECO "C54"]
[WhiteElo "1321"]
[BlackElo "1287"]
[Annotator "einzügige Einsteller"]
[PlyCount "51"]
[EventDate "2020.??.??"]
[TimeControl "600"]
[WhiteClock "0:08:49"]
[BlackClock "0:07:52"]

1. e4 e5 2. Nf3 Nc6 3. Bc4 Bc5 4. d3 h6 5. O-O Nf6 6. c3 O-O 7. d4 exd4 8. cxd4 Bb4 9. Bd2 Bxd2 10. Nbxd2 a6 11. a3 b5 12. Bd5 Nxd5 13. exd5 Ne7 14. Qb3 Bb7 15. Qe3 Nxd5 16. Qe5 c6 17. Rfe1 Ne7 18. Qxe7 Qxe7 19. Rxe7 Rae8 20. Rxe8 Rxe8 21. h3 d5 22. b4 Bc8 23. Rc1 Bd7 24. Ne5 Bf5 25. Nxc6 Rc8 26. Ne7+ {
[%emt 0:00:07] OnlyHungryKiwi won by resignation} 1-0

[Event "Fast Chess"]
[Site "ChessKid.com"]
[Date "2020.05.01"]
[Round "2"]
[White "Dai, Lana"]
[Black "Li, Tobias"]
[Result "0-1"]
[ECO "C47"]
[WhiteElo "1305"]
[BlackElo "1329"]
[PlyCount "86"]
[EventDate "2020.??.??"]
[TimeControl "600"]
[WhiteClock "0:06:35"]
[BlackClock "0:05:30"]

1. e4 e5 2. Nf3 Nc6 3. Nc3 Nf6 4. a3 Bc5 5. b4 Bb6 6. b5 Nd4 7. Nxd4 Bxd4 8. Ra2 d6 9. h3 O-O 10. Bc4 a6 11. bxa6 bxa6 12. Nd5 Be6 13.
Nxf6+ Qxf6 14. Qe2 h6 15. Bxe6 Qxe6 16. c4 c6 17. d3 d5 18. exd5 cxd5 19. cxd5 Qxd5 20. O-O Rac8 21. Qe4 Qxa2 22. Qg4 Qe6 23. Qg3 Qf6 24. Bd2 Rc2 25. Be3 Bxe3 26. fxe3 Qg6 27. Qxg6 fxg6 28. Rxf8+ Kxf8 29. d4 exd4 30. exd4 Rd2 31. g4 Rxd4 32. Kf2 Rd3 33. a4 Rxh3 34. Kg2 Ra3 35. Kf2 h5 36. gxh5 gxh5 37. a5 h4 38. Kg2 h3+ 39. Kh2 g5 40. Kh1 Ra2 41. Kg1 g4 42. Kh1 g3 43. Kg1 Ra1# {[%emt 0:00:05] OnlyHungryKiwi won by checkmate
} 0-1

[Event "Fast Chess"]
[Site "ChessKid.com"]
[Date "2020.05.01"]
[Round "2"]
[White "Georgiev, Maximilian"]
[Black "Li, Patrick"]
[Result "1-0"]
[ECO "C55"]
[WhiteElo "1394"]
[BlackElo "1096"]
[PlyCount "57"]
[EventDate "2020.??.??"]
[TimeControl "600"]
[WhiteClock "0:06:25"]
[BlackClock "0:07:24"]

1. e4 e5 2. Bc4 Nc6 3. Nf3 Bc5 4. O-O Nf6 5. Nc3 O-O 6. d3 a6 7. Bg5 b5 8. Bb3 Nd4 9. Nxe5 Bb4 10. a3 Bc5 11. Nf3 Nxf3+ 12. Qxf3 Be7 13. e5 Ne8 14. Bxe7 Qxe7 15. Qxa8 Qd8 16. Qe4 Qg5 17. Rfe1 d5 18. Qf3 Bg4 19. Qg3 f6 20. exf6 gxf6 21. Bxd5+ Kh8 22. Bc6 Nd6 23. Re7 Nf5 24. f4 Qg6 25. Qe1 Nxe7 26. Qxe7 Bh3 27. Qxf8+ Qg8 28. Qxg8+ Kxg8 29. gxh3 {[%emt 0:00:
00] TallSnazzyBall won by resignation} 1-0

[Event "Fast Chess"]
[Site "ChessKid.com"]
[Date "2020.05.01"]
[Round "3"]
[White "Li, Patrick"]
[Black "Li, Tobias"]
[Result "0-1"]
[ECO "C55"]
[WhiteElo "1093"]
[BlackElo "1333"]
[PlyCount "132"]
[EventDate "2020.??.??"]
[TimeControl "600"]
[WhiteClock "0:02:26"]
[BlackClock "0:02:16"]

1. e4 e5 2. Nf3 Nc6 3. Nc3 Nf6 4. Bc4 Bc5 5. O-O O-O 6. h3 h6 7. a3 a6 8. b4 Bd4 9. Nxd4 Nxd4 10. Bd5 c6 11. Bc4 d5 12. exd5 cxd5 13.
Bd3 Re8 14. Bb2 e4 15. Be2 Bd7 16. Bh5 Nxh5 17. Qxh5 Qf6 18. Qd1 Qg6 19. Nxd5 Bxh3 20. g3 Bxf1 21. Kxf1 Rac8 22. Bxd4 Red8 23. Nf4 Qc6 24. Bc3 Qc4+ 25. Ke1 Re8 26. Qg4 g5 27. Nh5 Qc6 28. Ng7 Kf8 29. Nf5 Qg6 30. Bg7+ Kg8 31. Qh3 Rxc2 32. Bxh6 Re5 33. Ne3 Rc6 34. Ng4 Ree6 35. Ne3 Qxh6 36. Qg4 Rc8 37. Nf5 Qh1+ 38. Ke2 Qxa1 39. Qxg5+ Rg6 40. Qh5 Kf8 41. Qh4 Qf6 42. Qxe4 Qe6 43. Qxe6 Rxe6+ 44. Kf1 Rc1+ 45. Kg2 Rf6 46. Nh4 Rc4 47. Nf3 Rxf3 48. Kxf3 Rc2 49. Ke3 Ra2 50. Kd3 Rxa3+ 51. Ke2 Rb3 52. Kd1 Rxb4 53. Kc2 Rb6 54. Kd1 Rf6 55. f4 b5 56. Kc2 Rg6 57. f5 Rxg3 58. d4 a5 59. Kb2 b4 60.
Ka2 a4 61. Kb2 a3+ 62. Ka2 Ke7 63. d5 Kd6 64. f6 Kxd5 65. Ka1 b3 66. Kb1 Rg1# {[%emt 0:00:
00] OnlyHungryKiwi won by checkmate} 0-1

[Event "Fast Chess"]
[Site "ChessKid.com"]
[Date "2020.05.01"]
[Round "3"]
[White "Sasse, Gabriel"]
[Black "Georgiev, Maximilian"]
[Result "1-0"]
[ECO "C50"]
[WhiteElo "1298"]
[BlackElo "1384"]
[Annotator "Abzugsschach, Doppelschach"]
[PlyCount "49"]
[EventDate "2020.??.??"]
[TimeControl "600"]
[WhiteClock "0:08:06"]
[BlackClock "0:08:49"]

1. e4 e5 2. Nf3 Nc6 3. Bc4 h6 4. h3 Nf6 5. Nc3 a6 6. O-O Bb4 7. a3 Ba5 8. b4 Bb6 9. a4 Nxb4 10. a5 Ba7 11. Nxe5 O-O 12. Nxf7 Rxf7 13. Bxf7+ Kxf7 14. Ba3 Nc6 15. Nd5 Nxe4 16. c3 Nxf2 17. Qb3 Ke8 18.
Rae1+ Kf7 19. Nb6+ $3 Kg6 20. Nxa8 $6 Nd3+ 21. Kh2 Nxe1 22. Rxe1 Kh7 23. Qc2+ Kg8 24. Rf1 Qg5 25. Rf8# {[%emt 0:00:06] LimeFarActor won by checkmate}
1-0

[Event "Fast Chess"]
[Site "ChessKid.com"]
[Date "2020.05.01"]
[Round "1"]
[White "Li, Patrick"]
[Black "Li, Tobias"]
[Result "1/2-1/2"]
[ECO "C50"]
[WhiteElo "1103"]
[BlackElo "1329"]
[PlyCount "126"]
[EventDate "2020.??.??"]
[TimeControl "600"]
[WhiteClock "0:05:10"]
[BlackClock "0:04:58"]

1. e4 e5 2. Nf3 Nc6 3. Nc3 Nf6 4. Bc4 Bc5 5. O-O O-O 6. d3 h6 7. h3 d6 8. Re1 Re8 9. Be3 Bb4 10. a3 Ba5 11. b4 Bb6 12. Bxb6 axb6 13. b5 Ne7 14. Nd5 Nfxd5 15. Bxd5 Nxd5 16. exd5 Bd7 17. d4 c6 18. dxc6 bxc6 19. dxe5 dxe5 20. Nxe5 cxb5 21. Nxd7 Rxe1+ 22. Qxe1 Qxd7 23. Rd1 Qe8 24. Qd2 Rxa3 25. Qb4 Ra8 26.
Rd6 Rb8 27. Rd5 Ra8 28. Rxb5 Ra1+ 29. Kh2 Rc1 30. Rxb6 Rxc2 31. Rb8 Rc8 32. Rxc8 Qxc8 33. g3 Qf5 34. Qb8+ Kh7 35. g4 Qxf2+ 36. Kh1 Qf3+ 37. Kh2 Qe2+ 38. Kg3 Qe6 39. Qf4 Qf6 40. Qf5+ Qxf5 41. gxf5 g6 42. fxg6+ fxg6 43. h4 h5 44. Kf4 Kh6 45. Kg3 g5 46. hxg5+ Kxg5 47. Kh3 h4 48. Kh2 Kg4 49. Kg2 Kf4 50. Kh3 Kg5 51. Kh2 Kg4 52. Kg2 Kg5 53. Kh3 Kh5 54. Kg2 Kg4 55. Kh2 h3 56. Kh1 Kh4 57. Kh2 Kg4 58. Kh1 Kg3 59. Kg1 Kg4 60. Kh2 Kh4 61. Kh1 Kg3 62. Kg1 h2+ 63. Kh1 Kh3 {[%emt 0:00:01] Game drawn by
stalemate} 1/2-1/2

[Event "Fast Chess"]
[Site "ChessKid.com"]
[Date "2020.05.01"]
[Round "1"]
[White "Sasse, Gabriel"]
[Black "Georgiev, Maximilian"]
[Result "0-1"]
[ECO "C50"]
[WhiteElo "1290"]
[BlackElo "551"]
[Annotator "Springergabel"]
[PlyCount "50"]
[EventDate "2020.??.??"]
[TimeControl "600"]
[WhiteClock "0:08:53"]
[BlackClock "0:08:44"]

1. e4 e5 2. Nf3 Nc6 3. Bc4 h6 4. h3 Nf6 5. O-O Bc5 6. Nc3 O-O 7. Bb3 d6 8. Bc4 Be6 9. Bxe6 fxe6 10. d3 Nd4 11. Nxd4 Bxd4 12. Qf3 Nd5 $1 13. Qg3 Nxc3 14. Bxh6 $4 Ne2+ $1 15. Kh1 Nxg3+ 16.
fxg3 Rxf1+ 17. Rxf1 gxh6 18. c3 Bb6 19. g4 Qg5 20. g3 Rf8 21.
Ra1 Qd2 22. Rg1 Bxg1 23. Kxg1 Qf2+ 24. Kh1 Qf1+ 25. Kh2 Rf2# {[%emt 0:
00:01] TallSnazzyBall won by checkmate} 0-1

[Event "Fast Chess"]
[Site "ChessKid.com"]
[Date "2020.05.01"]
[Round "2"]
[White "Li, Tobias"]
[Black "Georgiev, Maximilian"]
[Result "0-1"]
[ECO "C55"]
[WhiteElo "1314"]
[BlackElo "568"]
[Annotator "Abtauschkombinationen"]
[PlyCount "60"]
[EventDate "2020.??.??"]
[TimeControl "600"]
[WhiteClock "0:08:49"]
[BlackClock "0:07:42"]

1. e4 e5 2. Nf3 Nc6 3. Nc3 Nf6 4. Bc4 h6 5. O-O Bb4 6. a3 Ba5 7. b4 Bb6 8. h3 O-O 9. d3 d6 10. Bd2 Nd4 11. Nxd4 Bxd4 12. Qc1 Ne8 13. Bxh6 $2 Qh4 $2 14. Qd2 $4 Qxh6 15. Qxh6 gxh6 16. Rad1 $4 Bxc3 17. Rb1 Bd4 18. Rfe1 a6 19. Rbc1 Be6 20. Bxe6 fxe6 21. c3 Bxf2+ 22. Kf1 Bxe1+ 23. Kxe1 Nf6 24. Rc2 d5 25. exd5 exd5 26. Rf2 Nd7 27. Re2 d4 28. cxd4 exd4 29. Re4 Rae8 30. Rxe8 Rxe8+ {[%emt 0:
00:00] TallSnazzyBall won by resignation} 0-1

[Event "Fast Chess"]
[Site "ChessKid.com"]
[Date "2020.05.01"]
[Round "2"]
[White "Li, Patrick"]
[Black "Sasse, Gabriel"]
[Result "0-1"]
[ECO "C50"]
[WhiteElo "1099"]
[BlackElo "1294"]
[Annotator "Abzugsdrohung"]
[PlyCount "80"]
[EventDate "2020.??.??"]
[TimeControl "600"]
[WhiteClock "0:07:17"]
[BlackClock "0:06:34"]

1. e4 e5 2. Nf3 Nc6 3. Nc3 Bc5 4. Bc4 h6 5. O-O Nf6 6. h3 a6 7. Re1 b5 8. Bb3 Nd4 9. Nxd4 exd4 10. Nd5 Nxd5 11. exd5+ Be7 12. Qf3 O-O 13. Qe4 $2 Re8 14. Qxd4 a5 15. Qe4 a4 16. d6 cxd6 17. Qxa8 axb3 18. axb3 Qc7 19. Qe4 Bb7 20. Qg4 d5 21. d4 Bc8 22. Bxh6 g6 23. Qg3 Bd6 24. Qg5 Bh2+ 25. Kh1 Bf4 26. Qh4 Rxe1+ 27. Rxe1 Qxc2 28. Qf6 Bxh6 29. Qd8+ Kg7 30. Re8 Bf4 31. g3 Qd1+ 32. Kh2 Bd2 33. Qxc8 Qf1 34. Rg8+ Kf6 35. Qxd7 Qxf2+ 36. Kh1 Be3 37. Qd6+ Kf5 38. g4+ Kg5 39. Qh2 Qf1+ 40. Qg1 Qxg1# {[%emt 0:00:01]
LimeFarActor won by checkmate} 0-1

[Event "Fast Chess"]
[Site "ChessKid.com"]
[Date "2020.05.01"]
[Round "3"]
[White "Georgiev, Maximilian"]
[Black "Halimi, Dorian"]
[Result "1-0"]
[ECO "B01"]
[WhiteElo "584"]
[BlackElo "1125"]
[Annotator "Abzugsschach, Doppelangriff"]
[PlyCount "111"]
[EventDate "2020.??.??"]
[TimeControl "600"]
[WhiteClock "0:04:44"]
[BlackClock "0:07:06"]

1. e4 d5 2. exd5 Qxd5 3. Nc3 Qe5+ 4. Be2 Bg4 5. Nf3 Bxf3 6.
gxf3 e6 7. d4 Qf6 8. Bd2 Bb4 9. Bd3 Bxc3 10. Bxc3 Nc6 11. d5 Nd4 12. Bxd4 Qxd4 13. dxe6 $4 fxe6 14. Qe2 Qxb2 15. Qxe6+ Ne7 16.
O-O Rf8 17. Rfe1 Qf6 18. Bxh7 Rd8 19. Qxf6 Rxf6 20. Re3 Rd2 21. Rc1 Kf8 22. Rb1 b6 23. a3 Rxc2 24. Bxc2 Nd5 25. Rd3 c6 26. Bb3 Rg6+ 27. Kf1 Nf4 28. Rd8+ Ke7 29. Ra8 a5 30. Ra6 Rg2 31. Rxb6 Rxh2 32. Rxc6 Nh3 33. Rb2 Rh1+ 34. Kg2 Re1 35. Kxh3 Re5 36. f4 Rh5+ 37. Kg4 g6 38. Re6+ Kf7 39. Re5+ Kf6 40. Rxh5 gxh5+ 41. Kxh5 Kf5 42. Bc4 Kxf4 43. Rb5 Kf3 44. Rxa5 Kxf2 45. Rb5 Ke3 46. a4 Kd4 47. a5 Kxc4 48. Rb1 Kc5 49. a6 Kc4 50. a7 Kc3 51.
a8=Q Kc2 52. Rb7 Kc3 53. Rd7 Kc4 54. Qc8+ Kb5 55. Rb7+ Ka6 56. Qa8# {[%emt 0:00:01] TallSnazzyBall won by checkmate} 1-0

[Event "Fast Chess"]
[Site "ChessKid.com"]
[Date "2020.05.01"]
[Round "3"]
[White "Sasse, Gabriel"]
[Black "Li, Tobias"]
[Result "1-0"]
[ECO "C50"]
[WhiteElo "1303"]
[BlackElo "1306"]
[Annotator "inkorrektes Figurenopfer"]
[PlyCount "121"]
[EventDate "2020.??.??"]
[TimeControl "600"]
[WhiteClock "0:06:06"]
[BlackClock "0:06:02"]

1. e4 e5 2. Nf3 Nc6 3. Bc4 Bc5 4. h3 Nf6 5. O-O d6 6. Ng5 O-O 7. Nxf7 Rxf7 8. Bxf7+ Kxf7 9. Nc3 Be6 10. Nd5 Nxd5 11. exd5 Bxd5 12. Qh5+ Kg8 13. d3 Qf6 14. Bg5 Qf7 15. Qxf7+ Kxf7 16. Bh4 Kg8 17. c4 Be6 18. a3 Rf8 19. b4 Nxb4
$4 20. axb4 Bxb4 21. Rxa7 Bc5 22. Rxb7 Bb6 23. Be7 Re8 24. Bh4 Bf5 25. Rd1 Be6 26. Re1 Bf5 27. Bg3 Bxd3 28. Bh4 Bxc4 29. Rc1 Ba6 30. Rxb6 cxb6 31. Rc6 Bd3 32. Rxb6 d5 33. Rd6 Bc4 34. f3 e4 35. fxe4 dxe4 36. Kf2 Bd3 37. Ke3 Ra8 38. g4 Ra3 39. Rd8+ Kf7 40. Rd7+ Ke6 41. Rxg7 Kd6 42. Be7+ Ke6 43. Bxa3 Kf6 44. Rxh7 Kg6 45. Re7 Kg5 46. Rxe4 Bxe4 47. Kxe4 Kh4 48. Kf5 Kxh3 49. g5 Kh4 50. Kf6 Kh5 51. g6 Kh6 52. Kf7 Kg5 53. g7 Kh6 54. g8=Q Kh5 55. Kf6 Kh4 56. Kf5 Kh3 57. Qg5 Kh2 58. Kf4 Kh1 59. Qg4 Kh2 60. Kf3 Kh1 61. Qg2# {
[%emt 0:00:01] LimeFarActor won by checkmate} 1-0

[Event "Fast Chess"]
[Site "ChessKid.com"]
[Date "2020.05.02"]
[Round "1"]
[White "Li, Tobias"]
[Black "Li, Patrick"]
[Result "1-0"]
[ECO "C50"]
[WhiteElo "1310"]
[BlackElo "1109"]
[PlyCount "59"]
[EventDate "2020.??.??"]
[TimeControl "300+50"]
[WhiteClock "0:04:32"]
[BlackClock "0:05:01"]

1. e4 e5 2. Nf3 Nc6 3. Nc3 Nf6 4. Bc4 Bc5 5. O-O O-O 6. h3 d6 7. d3 Re8 8. Bg5 Be6 9. Bd5 Nd4 10. Nxd4 Bxd4 11. Re1 h6 12. Bh4 Qd7 13. Bxf6 gxf6 14. Bxe6 Qxe6 15. Nd5 c5 16. Nc7 Qc8 17. Nxe8 Qxe8 18. Qg4+ Kf8 19. Qh4 Bxb2 20. Rab1 Qb5 21. Qxh6+ Ke7 22. Qd2 Qc6 23. Rxb2 Qa4 24. Rxb7+ Kd8 25. Rb2 Qd4 26. Rbb1 Qa4 27. Qc3 Qxa2 28. Qb2 Qa5 29. Qb3 Qc7 30. Qb7 {[%emt 0:00:48] OnlyHungryKiwi won by resignation} 1-0

[Event "Fast Chess"]
[Site "ChessKid.com"]
[Date "2020.05.02"]
[Round "1"]
[White "Georgiev, Maximilian"]
[Black "Halimi, Dorian"]
[Result "1-0"]
[ECO "C57"]
[WhiteElo "686"]
[BlackElo "1202"]
[PlyCount "79"]
[EventDate "2020.??.??"]
[TimeControl "300+50"]
[WhiteClock "0:05:29"]
[BlackClock "0:05:45"]

1. e4 e5 2. Nf3 Nc6 3. Bc4 Nf6 4. Ng5 d5 5. exd5 Nxd5 6.
Qf3 $2 Be6 7. Nxe6 fxe6 8. O-O Qe7 9. d3 O-O-O 10. Bb5 Qd6 11.
Nc3 Nxc3 12. bxc3 a6 13. Ba4 Ne7 14. Rb1 b5 15. Bb3 Nd5 16.
c4 Nc3 17. Rb2 bxc4 18. Bxc4 Be7 19. Qb7+ Kd7 20. Bd2 Nb5 21. Bxb5+ axb5 22. Qxb5+ c6 23. Qb7+ Ke8 24. Be3 Rf8 25. Rb3 Rd7 26. Qa6 h6 27. Qc4 Bg5 28. Bc5 Qc7 29. Bxf8 Kxf8 30. Qxe6 c5 31. Re1 Bf6 32. Qf5 Qd8 33. Reb1 c4 34. Rb8 Qxb8 35. Rxb8+ Ke7 36. Qe4 cxd3 37. cxd3 Bg5 38. Qxe5+ Kf7 39. Qe8+ Kf6 40. Qxd7 {[%emt 0:00:46] TallSnazzyBall
won by resignation} 1-0

[Event "Fast Chess"]
[Site "ChessKid.com"]
[Date "2020.05.02"]
[Round "2"]
[White "Sasse, Gabriel"]
[Black "Georgiev, Maximilian"]
[Result "0-1"]
[ECO "C50"]
[WhiteElo "1307"]
[BlackElo "702"]
[Annotator "Doppelangriff"]
[PlyCount "32"]
[EventDate "2020.??.??"]
[TimeControl "300+50"]
[WhiteClock "0:05:48"]
[BlackClock "0:05:42"]

1. e4 e5 2. Nf3 Nc6 3. Bc4 h6 4. h3 Nf6 5. Nc3 Bc5 6. O-O O-O 7. a3 a6 8. b4 Ba7 9. Nd5 Nxe4 10. Re1 Nf6 11. Nxe5 Nxe5 12. Rxe5 Bd4 13. Re1 Bxa1 14. a4 Bd4 15. Nxf6+ Qxf6 16. c3 Bxf2+ {[%emt 0:00:48] TallSnazzyBall won by resignation} 0-1

[Event "Fast Chess"]
[Site "ChessKid.com"]
[Date "2020.05.02"]
[Round "2"]
[White "Dai, Lana"]
[Black "Li, Tobias"]
[Result "0-1"]
[ECO "C47"]
[WhiteElo "1299"]
[BlackElo "1318"]
[Annotator "Bauernendspiel"]
[PlyCount "114"]
[EventDate "2020.??.??"]
[TimeControl "300+50"]
[WhiteClock "0:07:20"]
[BlackClock "0:06:00"]

1. e4 e5 2. Nf3 Nc6 3. Nc3 Nf6 4. a3 Bc5 5. b4 Bb6 6. b5 Nd4 7. Nxd4 Bxd4 8. Ra2 Bxc3 9. dxc3 d6 10. h3 O-O 11. Bc4 a6 12. bxa6 bxa6 13.
O-O Qe8 14. Bg5 Be6 15. Qd3 Bxc4 16. Qxc4 Qe6 17. Qxe6 fxe6 18. Bxf6 Rxf6 19. c4 c6 20. a4 Rb8 21. Raa1 d5 22. exd5 exd5 23. cxd5 cxd5 24. Rfe1 Re6 25. Red1 d4 26. Rab1 Ree8 27. Rxb8 Rxb8 28. f3 Re8 29. Re1 a5 30. f4 Kf7 31. Rxe5 Rxe5 32. fxe5 Ke6 33. Kf2 Kxe5 34. Kf3 g5 35. g4 (35. Kg4 Ke4 (35... Kf6 36. Kh5 Kf5
37. g3) 36. Kxg5 Ke3 37. Kf5 Kd2 38. Ke5 Kxc2 39. Kxd4) 35... Kd5 36. Kg3 Kc4 37. h4 Kc3 38. hxg5 Kxc2 39. Kf4 d3 40. Ke3 d2 41. g6 hxg6 42. Kf4 d1=Q 43. Kg5 Qd4 44. Kxg6 Qxg4+ 45. Kf6 Qxa4 46. Ke7 Qe4+ 47. Kd7 Qg6 48. Ke7 a4 49. Kd7 Qf6 50. Kc7 Qe6 51. Kb7 Qd6 52. Ka7 Qc6 53. Kb8 Qd7 54. Ka8 a3 55. Kb8 a2 56. Ka8 a1=Q+ 57. Kb8 Qaa7# {[%emt 0:00:46] OnlyHungryKiwi won by checkmate} 0-1

[Event "Fast Chess"]
[Site "ChessKid.com"]
[Date "2020.05.02"]
[Round "2"]
[White "Halimi, Dorian"]
[Black "Rosenkranz, Benjamin"]
[Result "1-0"]
[ECO "B00"]
[WhiteElo "1209"]
[BlackElo "1157"]
[PlyCount "79"]
[EventDate "2020.??.??"]
[TimeControl "300+50"]
[WhiteClock "0:03:26"]
[BlackClock "0:05:26"]

1. e4 e6 2. Nc3 Nc6 3. d4 Nb4 4. d5 exd5 5. exd5 Qe7+ 6.
Be2 Nf6 7. Nf3 Qd6 8. Bc4 Qe7+ 9. Be3 d6 10. O-O Nh5 11. Bg5 Qd7 12. h3 Qf5 13. h4 Nxc2 14. Rc1 Nb4 15. Qd2 Qg4 16. g3 Qxc4 17. b3 Qa6 18.
Rfe1+ Kd7 19. Nd4 c5 20. Ndb5 Qxb5 21. Nxb5 a6 22. Nd4 cxd4 23. Qxb4 d3 24. Qg4+ f5 25. Qxh5 d2 26. Bxd2 b6 27. g4 fxg4 28. Qxg4+ Kd8 29. Bg5+ Be7 30. Bxe7+ Ke8 31. Qxg7 Kd7 32. Qxh8 Bb7 33. Qxh7 Ke8 34. Qg6+ Kd7 35. h5 Bxd5 36. h6 Rh8 37. h7 Be6 38. Bf6 Rxh7 39. Qxh7+ Bf7 40. Qxf7# {[%emt 0:00:47] FullMagentaEclipse won by
checkmate} 1-0

[Event "Fast Chess"]
[Site "ChessKid.com"]
[Date "2020.05.02"]
[Round "3"]
[White "Li, Tobias"]
[Black "Gerogiev, Maximilian"]
[Result "1-0"]
[ECO "C50"]
[WhiteElo "1318"]
[BlackElo "702"]
[Annotator "Ausschalten Verteidiger"]
[PlyCount "49"]
[EventDate "2020.??.??"]
[TimeControl "300+50"]
[WhiteClock "0:05:49"]
[BlackClock "0:05:03"]

1. e4 e5 2. Nf3 Nc6 3. Nc3 Nf6 4. Bc4 h6 5. O-O Bc5 6. d3 O-O 7. h3 a6 8. a3 b5 9. Bb3 Bb7 10. Nd5 Nxd5 11. Bxd5 a5 12. Bd2 d6 13. b4 Bb6 14. bxa5 Bxa5 15. Bxa5 Rxa5 16. Qd2 Qd7 $4 17. Bxc6 $1 Bxc6 18. Qxa5 Ra8 19. Qd2 Qe6 20. Qb4 Bd7 21. Qd2 Qg6 22. Qe3 Bxh3 23. Nh4 Qg4 24. Qxh3 Qg6 25. Nxg6 {[%emt 0:00:49] OnlyHungryKiwi
won by resignation} 1-0

[Event "Fast Chess"]
[Site "ChessKid.com"]
[Date "2020.05.02"]
[Round "3"]
[White "Halimi, Dorian"]
[Black "Dai, Lana"]
[Result "0-1"]
[ECO "C44"]
[WhiteElo "1203"]
[BlackElo "1305"]
[PlyCount "166"]
[EventDate "2020.??.??"]
[TimeControl "300+50"]
[WhiteClock "0:04:26"]
[BlackClock "0:07:51"]

1. e4 e5 2. Nc3 Nc6 3. Nf3 Nf6 4. d3 h6 5. Be2 Bc5 6. O-O O-O 7. h3 d6 8. a3 a6 9. b4 Bd4 10. Nxd4 Nxd4 11. Be3 Nxe2+ 12. Nxe2 d5 13. exd5 Nxd5 14. Bc5 Re8 15. d4 exd4 16. Bxd4 Nb6 17. Bxb6 cxb6 18. Qxd8 Rxd8 19. Rad1 Rxd1 20. Rxd1 Bf5 21. Rc1 Re8 22. Nd4 Bg6 23. c4 Re4 24. Rd1 Re7 25. c5 bxc5 26. bxc5 Rd7 27. Rd3 Bxd3 28. c6 bxc6 29. Nxc6 Rc7 30. Na5 Bb1 31. Nb3 Rb7 32. Nc5 Rb5 33. Nxa6 Ra5 34. Nb4 Rxa3 35. Kh2 Rb3 36. Nd5 Be4 37. Ne3 Rb2 38. f3 Rb3 39. Ng4 Bc2 40.
Kg3 h5 41. Ne5 f6 42. Nd7 f5 43. Kf4 Rb5 44. Kg5 Rb7 45. Ne5 Re7 46. Nc4 Bb3 47. Nd6 Bc2 48. Kxh5 Re2 49. g3 Rh2 50. h4 Rg2 51. g4 fxg4 52. fxg4 Rd2 53. Nc4 Rd5+ 54. g5 Bd3 55. Ne3 Re5 56. Ng4 Rf5 57. Nh2 Be2+ 58. Ng4 Bxg4+ 59. Kxg4 Ra5 60. h5 Ra4+ 61. Kf5 Ra5+ 62. Kg6 Ra6+ 63. Kf5 Kh7 64. g6+ Kh6 65. Kg4 Ra4+ 66. Kf5 Ra5+ 67. Ke6 Rxh5 68. Kf7 Rf5+ 69. Ke6 Kxg6 70. Ke7 Ra5 71. Kd6 Kf5 72. Kc6 g5 73. Kb6 Re5 74. Kc6 Kf4 75. Kd6 g4 76. Kc6 g3 77. Kd6 g2 78. Kc6 g1=R 79. Kd6 Rg6+ 80. Kd7 Ra5 81. Kc7 Ra7+ 82. Kb8 Rh7 83. Kc8 Rg8# {[%emt 0:00:46] TopBrownCave won by checkmate} 0-1

[Event "Fast Chess"]
[Site "ChessKid.com"]
[Date "2020.05.02"]
[Round "1"]
[White "Sasse, Gabriel"]
[Black "Horvath, Alexander"]
[Result "0-1"]
[ECO "C57"]
[WhiteElo "1306"]
[BlackElo "1328"]
[Annotator "Doppelangriff"]
[PlyCount "22"]
[EventDate "2020.??.??"]
[TimeControl "300+50"]
[WhiteClock "0:04:59"]
[BlackClock "0:05:18"]

1. e4 e5 2. Nf3 Nf6 3. Bc4 Nc6 4. Ng5 d5 5. exd5 Nxd5 6.
Nc3 Nxc3 7. bxc3 Qxg5 8. d4 Qxg2 9. Rf1 exd4 10. Qh5 Qe4+ 11. Kd1 Bg4+ {[%emt 0:00:55] KeenOrangeTeeth won by
resignation} 0-1

[Event "Fast Chess"]
[Site "ChessKid.com"]
[Date "2020.05.02"]
[Round "1"]
[White "Li, Tobias"]
[Black "Dai, Lana"]
[Result "1-0"]
[ECO "C50"]
[WhiteElo "1326"]
[BlackElo "1298"]
[Annotator "Fesselung"]
[PlyCount "83"]
[EventDate "2020.??.??"]
[TimeControl "300+50"]
[WhiteClock "0:03:46"]
[BlackClock "0:04:59"]

1. e4 e5 2. Nf3 Nc6 3. Bc4 h6 4. O-O Nf6 5. c3 a6 6. d4 exd4 7. Nxd4 Nxd4 8. Qxd4 Be7 9. e5 c5 10. Qf4 $3 O-O 11. exf6 Bxf6 12. Qg3 Bg5 13. Bxg5 hxg5 14. Nd2 b5 15. Bb3 c4 16. Bc2 d5 17. Rfe1 d4 18. cxd4 Qxd4 19. Nf3 Qd8 20. Qxg5 Qxg5 21. Nxg5 f6 22. Nf3 Bg4 23. Re3 Rae8 24. Rae1 Rxe3 25. Rxe3 f5 26. h3 f4 27. Rc3 Bxf3 28. Rxf3 b4 29. Be4 a5 30. Bd5+ Kh8 31. Bxc4 g5 32. a3 bxa3 33. bxa3 Rc8 34. Bb5 Rc1+ 35. Kh2 Rc5 36. a4 Rc7 37. h4 Rh7 38. g3 fxg3+ 39. fxg3 gxh4 40. Bd3 hxg3+ 41. Kxg3 Rg7+ 42. Kf2 {[%emt 0:00:52] OnlyHungryKiwi
won on time} 1-0

[Event "Fast Chess"]
[Site "ChessKid.com"]
[Date "2020.05.03"]
[Round "1"]
[White "Horvath, Alexander"]
[Black "Georgiev, Maximilian"]
[Result "1-0"]
[ECO "B27"]
[WhiteElo "1323"]
[BlackElo "721"]
[Annotator "passives Spiel, warten auf den Tod"]
[PlyCount "67"]
[EventDate "2020.??.??"]
[TimeControl "180"]
[WhiteClock "0:01:46"]
[BlackClock "0:01:19"]

1. e4 c5 2. Nf3 g6 3. Nc3 Bg7 4. Bc4 e6 5. O-O Ne7 6. b3 Nbc6 7. Bb2 O-O 8.
Qc1 b6 9. Bb5 Bb7 10. Bxc6 Bxc6 11. Na4 a6 12. Bxg7 Kxg7 13. Qb2+ Kg8 14. Nc3 a5 15. a3 Ra6 16. b4 cxb4 17. axb4 Qc7 18. bxa5 $2 bxa5 19. Nb5 Bxb5 20. Qxb5 Qa7 21. Ra4 Ra8 22. Rfa1 Nc6 23. e5 Kh8 $2 24. c3 Kg7 25. d4 Kf8 $4 26. Ng5 Kg7 27. h3 Kg8 28. Kh2 Kg7 29. g3 Kg8 30. Kg2 Kg7 31. d5 exd5 32. Qxd5 h6 33. Qxf7+ Kh8 34. Qh7# {[%emt 0:00:04] KeenOrangeTeeth
won by checkmate} 1-0